Map: Eindringling LE

Players

Panda - Winner!

  • Race: Zerg Zerg
  • League: Platinum
  • Spawn Location: 5:00

xWaCHy

  • Race: Protoss Protoss
  • Spawn Location: 11:00

VOD

Have the link to the VOD?

Description

Time

  • Played on: Sept. 2, 2017, 3:17 p.m.
  • Length: 12:18
Show
View Real Time Build Order
Export as new Build Order

Panda Zerg - Winner!

Build Orders: Pool First, Ravager All-In 

Get SALT Encoding   

  12  0:18  Spawning Pool  
  11  0:22  Drone  
  11  0:26  Drone  
  13  0:31  Drone  
  14  0:37  Extractor  
  14  0:38  Drone  
  14  0:42  Extractor  
  14  0:50  Drone  
  14  0:55  Overlord  
  14  1:10  Roach Warren  
  13  1:13  Drone  
  14  1:33  Drone  
  15  1:49  Roach  
  15  1:50  Roach x2  
  21  2:00  Overlord  
  21  2:30  Ravager x2  
  21  2:31  Ravager  
  21  2:35  Roach x2  
  28  2:46  Roach  
  30  2:55  Overlord  
  27  3:42  Roach  
  27  3:44  Overlord  
  29  3:52  Ravager  
  30  4:08  Ravager  
  30  4:09  Ravager  
  32  4:12  Roach  
  32  4:13  Roach x2  
  38  4:40  Overlord x2  
  38  5:13  Ravager  
  39  5:14  Ravager  
  39  5:15  Ravager x2  
  33  6:31  Drone x2  
  33  6:32  Drone  
  24  8:39  Roach x3  
  30  8:58  Drone  
  30  9:01  Drone  
  29  9:06  Evolution Chamber  
  25  9:16  Zergling x2  
  26  9:27  Hatchery  
  26  9:29  Queen, Drone  
  28  9:32  Spore Crawler  
  28  9:36  Spore Crawler  
  26  9:42  Spore Crawler  
  24  9:46  Drone x2  
  25  9:55  Roach  
  26  10:15  Hatchery  
  25  10:45  Ravager  
  25  10:46  Ravager x2  
  25  10:48  Queen, Drone  
  31  10:50  Queen  
  31  10:54  Drone  
  34  10:58  Zergling x12  
  40  11:11  Spine Crawler  
  39  11:40  Roach x2  
  39  11:41  Roach x6  
Show
View Real Time Build Order
Export as new Build Order

xWaCHy Protoss 

Build Orders:  

Get SALT Encoding   

  12  0:11  Probe (Chrono Boost)  
  13  0:21  Probe (Chrono Boost)  
  14  0:32  Probe (Chrono Boost)  
  15  0:36  Pylon  
  15  0:55  Probe (Chrono Boost)  
  16  0:58  Gateway  
  16  1:05  Probe (Chrono Boost)  
  17  1:12  Forge  
  17  1:26  Pylon  
  17  1:28  Probe (Chrono Boost)  
  18  1:38  Probe (Chrono Boost)  
  19  1:48  Zealot  
  19  1:49  Pylon  
  21  1:56  Photon Cannon  
  21  2:01  Pylon  
  21  2:07  Photon Cannon  
  21  2:15  Pylon  
  20  2:32  Assimilator  
  20  2:40  Photon Cannon  
  20  2:43  Pylon  
  20  2:47  Cybernetics Core  
  20  2:49  Pylon  
  19  3:09  Zealot  
  21  3:13  Photon Cannon  
  21  3:15  Photon Cannon  
  21  3:36  Pylon  
  19  3:42  Pylon  
  17  3:49  Photon Cannon  
  17  4:14  Assimilator  
  17  4:45  Photon Cannon  
  17  4:50  Pylon  
  17  4:59  Photon Cannon  
  17  5:12  Photon Cannon  
  17  5:19  Photon Cannon  
  17  5:23  Photon Cannon  
  17  5:27  Pylon  
  17  5:35  Pylon  
  16  5:48  Cybernetics Core  
  16  5:51  Photon Cannon  
  16  5:53  Photon Cannon  
  16  5:58  Probe (Chrono Boost)  
  17  6:08  Probe (Chrono Boost)  
  18  6:14  Gateway  
  18  6:19  Probe (Chrono Boost)  
  19  6:29  Probe (Chrono Boost)  
  20  6:40  Probe (Chrono Boost)  
  20  6:47  Warp Gate  
  21  6:50  Probe (Chrono Boost)  
  22  6:59  Pylon  
  22  7:01  Mothership Core (Chrono Boost), Pylon  
  24  7:16  Stargate  
  24  7:21  Pylon  
  24  7:23  Pylon  
  24  8:01  Void Ray (Chrono Boost)  
  24  8:03  Forge  
  28  8:08  Adept  
  24  8:35  Probe (Chrono Boost)  
  24  8:45  Probe (Chrono Boost)  
  23  8:56  Probe (Chrono Boost)  
  22  9:07  Probe (Chrono Boost)  
  23  9:17  Probe (Chrono Boost)  
  24  9:28  Probe (Chrono Boost)  
  26  9:38  Probe (Chrono Boost)  
  19  10:22  Oracle (Chrono Boost)  
Tags
 
League
Platinum
Matchup
PvZ
Opening
Pool First
Replay Pack
replays1
Spawn Locations
Cross Positions
Add a new tag
Caveats
  • Supply blocks, unpowered buildings, or Contaminate may cause inaccurate times.
  • Supply counts are checked every 10 seconds.